 Dungeon Crawl Stone Soup version 0.26.1-11-gd32895ea62 (webtiles) character file.

Game seed: 5327802074594245684

23516 MrSixtyFour the Spry (level 12, -5/71 HPs)
             Began as a Spriggan Brigand on June 29, 2021.
             Was an Elder of Nemelex Xobeh.
             Slain by a hell knight (17 damage)
             ... in a volcano.
             The game lasted 02:02:57 (22120 turns).

MrSixtyFour the Spry (Spriggan Brigand)            Turns: 22120, Time: 02:02:57

Health: -5/71      AC: 11    Str: 10    XL:     12   Next: 72%
Magic:  0/23       EV: 35    Int: 13    God:    Nemelex Xobeh [****..]
Gold:   617        SH:  0    Dex: 25    Spells: 19/25 levels left

rFire    . . .     SeeInvis +   p - +4 dagger (freeze)
rCold    . . .     Faith    .   (shield restricted)
rNeg     . . .     Spirit   +   y - +2 robe {Will+}
rPois    .         Reflect  .   (helmet restricted)
rElec    .         Harm     .   c - +2 cloak
rCorr    .         Rampage  .   (gloves unavailable)
Will     +++..     Rnd*Rage +   (boots unavailable)
Stlth    ++++++....             m - amulet of guardian spirit
HPRegen  0.21/turn              F - +6 ring of dexterity
MPRegen  0.18/turn              l - +4 ring of protection

@: very slightly contaminated, studying Fighting, very quick
A: very small, unfitting armour, talons 1, see invisible, berserk 1, speed 3,
robust 1
a: Renounce Religion, Draw Escape, Draw Destruction, Draw Summoning, Triple
Draw, Deal Four


You were in a volcano.
You worshipped Nemelex Xobeh.
Nemelex Xobeh was greatly pleased with you.
You visited 3 branches of the dungeon, and saw 15 of its levels.
You also visited: Bailey and Volcano.

You collected 1079 gold pieces.
You spent 462 gold pieces at shops.

Inventory:

Hand Weapons
 p - a +4 dagger of freezing (weapon)
Missiles
 d - 28 poisoned darts (quivered)
 k - a curare-tipped dart
 H - 2 atropa-tipped darts
Armour
 c - a +2 cloak (worn)
 r - a +2 robe
 y - a +2 robe of willpower (worn)
 J - a scarf of repulsion
Jewellery
 i - an uncursed ring of wizardry
 l - a +4 ring of protection (right hand)
 m - an amulet of guardian spirit (around neck)
 t - a +6 ring of intelligence
 A - an uncursed ring of ice
 D - a +4 ring of evasion
 E - an uncursed ring of ice
 F - a +6 ring of dexterity (left hand)
 L - an uncursed amulet of magic regeneration
Wands
 a - a wand of acid (11)
 g - a wand of polymorph (30)
 j - a wand of disintegration (34)
 u - a wand of random effects (32)
 w - a wand of iceblast (6)
 x - a wand of digging (3)
 B - a wand of paralysis (5)
 C - a wand of enslavement (3)
 G - a wand of flame (19)
Scrolls
 b - 7 scrolls of identify
 e - a scroll of immolation
 f - a scroll of amnesia
 h - 6 scrolls of remove curse
 n - 2 scrolls of fear
 v - a scroll of holy word
 z - 3 scrolls of teleportation
 I - a scroll of torment {unknown}
Potions
 o - a potion of brilliance
 q - 2 potions of haste
 s - a potion of lignification
Books
 K - a manual of Fighting


   Skills:
 + Level 8.9 Fighting
 + Level 11.9 Short Blades
 - Level 5.0 Throwing
 + Level 15.0 Dodging
 + Level 13.8 Stealth
 * Level 7.3 Spellcasting
 - Level 3.0 Hexes
 - Level 6.2 Evocations


You had 19 spell levels left.
You knew the following spells:

 Your Spells              Type           Power        Failure   Level
a - Tukima's Dance        Hex            12%          13%         3
b - Dazzling Flash        Conj/Hex       16%          24%         3

Your spell library contained the following spells:

 Spells                   Type           Power        Failure   Level
 Corona                   Hex            13%          4%          1
 Ensorcelled Hibernation  Hex/Ice        16%          12%         2
 Confusing Touch          Hex            12%          13%         3
 Shock                    Conj/Air       16%          14%         1
 Swiftness                Air            4%           22%         2
 Static Discharge         Conj/Air       4%           41%         3
 Airstrike                Air            2%           83%         4
 Irradiate                Conj/Tmut      2%           99%         5
 Lightning Bolt           Conj/Air       2%           99%         5
 Hydra Form               Tmut           2%           100%        6
 Statue Form              Tmut/Erth      2%           100%        6
 Dragon Form              Tmut           2%           100%        7


Dungeon Overview and Level Annotations

Branches:
Dungeon (11/15)            Temple (1/1) D:7            Lair (3/6) D:10
 Bailey (visited)         Volcano (1/1)
  Swamp: Lair:2-4    Shoals: Lair:2-4     Snake: Lair:2-4    Spider: Lair:2-4
    Orc: D:9-12

Altars:
Ashenzari
Cheibriados
Elyvilon
Fedhas
Hepliaklqana
Kikubaaqudgha
Makhleb
Nemelex Xobeh
Okawaru
Ru
Sif Muna
Trog
Uskayaw
Wu Jian
Xom
Yredelemnul
Zin
The Shining One

Shops:
D:9 [


Innate Abilities, Weirdness & Mutations

You are very small and have problems with some larger weapons.
You are too small for most types of armour.
You have supernaturally acute eyesight. (SInv)
You cover ground extremely quickly.
You have sharp toenails.
You tend to lose your temper in combat.
You are robust. (+10% HP)


Message History

The hell knight hits you but does no damage.
The ogre mage hits you from afar with a +0 spear of flaming.
The ogre mage burns you.
Casting: Tukima's Dance (dangerous; 13% risk of failure)
Confirm with . or Enter, or press ? or * to list all spells.
Aiming: Tukima's Dance (dangerous; 13% risk of failure)
Press: ? - help, Shift-Dir - straight line, f/p - hell knight
Aim: a hell knight, wielding a +4 flail of flaming and wearing a +2 chain mail of fire resistance (heavily wounded, fast, chance to affect: 31%)
The +4 flail of flaming dances into the air!
The hell knight casts a spell at you. You resist with almost no effort.
The ogre mage completely misses you. The ogre mage misses you.
The hell knight hits you!!
* * * LOW HITPOINT WARNING * * *
The hell knight hits you.
* * * LOW HITPOINT WARNING * * *
A two-headed ogre comes into view.
It is wielding a +0 giant club of flaming and a +1 great mace of flaming.
The ogre mage barely misses you. The hell knight hits you!!
You die...
Your body glows with a rainbow of weird colours and disappears.

####.....##
#.....#
#8O..8#
#.)...#
#.....#
#8...8#
#.....#
#..(..#
#8.O@8#
#..p..#
#.....#
#8.∩.8#
##...##
##∩## ###


You could see a hell knight (fast), a two-headed ogre, an ogre mage (fast) and a
friendly +4 flail of flaming.

Vanquished Creatures
  The ghost of dtburroughs the Cleaver, a journeyman MiBe of Trog (Lair:2)
  Erolcha (D:9)
  Fannar (Lair:1)
  4 two-headed ogres
  Erica (D:8)
  Nergalle (D:11)
  3 unseen horrors
  Pikel (D:4)
  An ugly thing (D:11)
  A deep elf mage (D:9)
  2 black mambas
  A centaur zombie (D:10)
  Joseph (Lair:1)
  A molten gargoyle (Lair:3)
  2 cane toads
  A centaur skeleton (D:11)
  3 komodo dragons
  A rime drake (Lair:2)
  A troll (D:11)
  Grinder (D:6)
  A hornet (D:10)
  4 blink frogs
  Prince Ribbit (D:8)
  2 wyverns
  Eustachio (D:4)
  5 yaks (Lair:2)
  A soldier ant (D:10)
  8 water moccasins
  5 black bears
  14 orc warriors
  3 sky beasts
  3 ice beasts
  An eye of draining (D:11)
  2 necrophages
  3 phantoms
  4 ogres
  13 centaurs
  2 big kobolds
  Blork the orc (D:5)
  A gnoll sergeant (D:9)
  4 bullfrogs
  2 scorpions
  12 killer bees
  11 wights
  An electric eel (Lair:3)
  8 howler monkeys
  Crazy Yiuf (D:2)
  A bullfrog zombie (D:9)
  5 jellies
  2 bullfrog skeletons (D:11)
  5 orc priests
  7 hounds
  4 iguanas
  8 worker ants
  Ijyb (D:4)
  8 orc wizards
  7 hell rats (Lair:3)
  2 hound zombies
  2 worker ant zombies
  14 gnolls
  A howler monkey skeleton (D:4)
  14 adders
  A shadow imp (D:5)
  A white imp (D:6)
  An ufetubus (D:6)
  An ooze (D:6)
  2 adder zombies
  2 adder skeletons
  2 worms
  2 dart slugs (D:1)
  A leopard gecko (D:6)
  57 orcs
  4 bats
  6 giant cockroaches
  9 goblins
  3 hobgoblins (D:1)
  10 jackals
  9 kobolds
  A quokka (D:10)
  4 frilled lizards
  A leopard gecko skeleton (D:4)
  2 quokka skeletons
  6 rats
349 creatures vanquished.

Vanquished Creatures (collateral kills)
  A hound (D:9)
1 creature vanquished.

Vanquished Creatures (others)
  A kobold (D:8)
  3 fungi (Lair:2)
  5 plants
9 creatures vanquished.

Grand Total: 359 creatures vanquished

Notes
Turn   | Place    | Note
-------+----------+-------------------------------------------
     0 | D:1      | MrSixtyFour the Spriggan Brigand began the quest for the
                  | Orb.
     0 | D:1      | Reached XP level 1. HP: 10/10 MP: 2/2
   266 | D:1      | Reached XP level 2. HP: 14/14 MP: 3/3
  1304 | D:2      | Reached XP level 3. HP: 13/18 MP: 4/4
  1495 | D:2      | Found a faded altar of an unknown god.
  1792 | D:2      | Found a runed translucent door.
  1793 | D:2      | Noticed Crazy Yiuf
  1800 | D:2      | Killed Crazy Yiuf
  1952 | D:3      | Reached XP level 4. HP: 23/23 MP: 5/5
  2296 | D:2      | Reached skill level 2 in Dodging
  4150 | D:4      | Noticed Eustachio
  4169 | D:4      | Killed Eustachio
  4170 | D:4      | Reached skill level 3 in Dodging
  4170 | D:4      | Reached XP level 5. HP: 14/26 MP: 2/6
  4366 | D:4      | Reached XP level 6. HP: 30/30 MP: 7/7
  4571 | D:4      | Noticed Ijyb
  4578 | D:4      | Killed Ijyb
  4706 | D:4      | Noticed Pikel
  4724 | D:4      | Killed Pikel
  4725 | D:4      | Reached skill level 5 in Short Blades
  4725 | D:4      | Reached skill level 4 in Dodging
  4725 | D:4      | Reached XP level 7. HP: 35/35 MP: 8/8
  5268 | D:5      | Entered Level 5 of the Dungeon
  6314 | D:5      | Reached skill level 5 in Dodging
  6729 | D:4      | Reached XP level 8. HP: 9/39 MP: 5/9
  7177 | D:5      | Noticed Blork the orc
  7217 | D:5      | Killed Blork the orc
  8199 | D:6      | Reached skill level 6 in Dodging
  8250 | D:6      | Gained mutation: You have sharp toenails. [potion of
                  | mutation]
  8250 | D:6      | Gained mutation: You tend to lose your temper in combat.
                  | [potion of mutation]
  8250 | D:6      | Gained mutation: You are robust. (+10% HP) [potion of
                  | mutation]
  8728 | D:6      | Found the +27 Lear's hauberk
  8867 | D:6      | Noticed Grinder
  8914 | D:6      | Killed Grinder
  8915 | D:6      | Reached skill level 10 in Stealth
  9104 | D:6      | Reached skill level 5 in Throwing
  9104 | D:6      | Reached skill level 7 in Dodging
  9111 | D:6      | Reached XP level 9. HP: 45/48 MP: 10/10
  9738 | D:7      | Found a staircase to the Ecumenical Temple.
  9771 | Temple   | Entered the Ecumenical Temple
  9830 | Temple   | Became a worshipper of Nemelex Xobeh the Trickster
  9944 | D:7      | Reached skill level 1 in Evocations
 10714 | D:8      | Noticed an unseen horror
 10807 | D:8      | Reached skill level 8 in Dodging
 10887 | D:8      | Reached * piety under Nemelex Xobeh
 10893 | D:8      | Noticed Erica
 10933 | D:8      | Killed Erica
 10974 | D:8      | Noticed Prince Ribbit
 11005 | D:8      | Killed Prince Ribbit
 11006 | D:8      | Reached skill level 9 in Dodging
 11006 | D:8      | Reached XP level 10. HP: 55/55 MP: 6/11
 11021 | D:8      | Found a flagged portal.
 11309 | Bailey   | Entered a bailey
 12284 | Bailey   | Reached skill level 5 in Evocations
 12568 | Bailey   | Reached skill level 10 in Short Blades
 13108 | Bailey   | Reached skill level 10 in Dodging
 13954 | D:8      | Killed an unseen horror
 13955 | D:8      | Reached skill level 5 in Fighting
 14401 | D:9      | Received a gift from Nemelex Xobeh
 14515 | D:9      | Reached skill level 11 in Dodging
 14698 | D:9      | Noticed Erolcha
 14705 | D:9      | Killed Erolcha
 14706 | D:9      | Reached skill level 1 in Spellcasting
 14706 | D:9      | Reached skill level 1 in Hexes
 14754 | D:9      | Found an iron altar of Okawaru.
 14763 | D:9      | Found a blossoming altar of Fedhas.
 14763 | D:9      | Found a burning altar of Makhleb.
 14764 | D:9      | Found a bloodstained altar of Trog.
 15177 | D:9      | Reached XP level 11. HP: 61/61 MP: 15/15
 15409 | D:9      | Noticed a deep elf mage
 15527 | D:9      | Killed a deep elf mage
 15798 | D:9      | Learned a level 3 spell: Tukima's Dance
 15802 | D:9      | Learned a level 3 spell: Dazzling Flash
 15835 | D:9      | Found Daext's Antique Armour Shoppe.
 15844 | D:9      | Bought a glowing robe for 111 gold pieces
 15844 | D:9      | Bought an embroidered robe for 111 gold pieces
 15844 | D:9      | Bought an embroidered scarf for 240 gold pieces
 15957 | D:10     | Entered Level 10 of the Dungeon
 16092 | D:10     | Reached ** piety under Nemelex Xobeh
 16150 | D:10     | Reached skill level 12 in Dodging
 16178 | D:10     | Noticed an unseen horror
 16181 | D:10     | Killed an unseen horror
 16573 | D:10     | Paralysed by a hornet for 2 turns
 17091 | D:10     | Found a staircase to the Lair.
 17201 | D:10     | Found a white marble altar of Elyvilon.
 17407 | D:11     | Noticed Nergalle
 17454 | D:11     | Noticed a red ugly thing
 17461 | D:11     | Killed a red ugly thing
 17912 | D:11     | Reached skill level 13 in Dodging
 17976 | D:11     | Received a gift from Nemelex Xobeh
 18084 | D:11     | Noticed a two-headed ogre
 18112 | D:11     | Killed Nergalle
 18194 | D:11     | Reached skill level 5 in Spellcasting
 18378 | D:11     | Killed a two-headed ogre
 18563 | D:11     | Noticed a two-headed ogre
 18568 | D:11     | Reached *** piety under Nemelex Xobeh
 18570 | D:11     | Killed a two-headed ogre
 18934 | D:11     | Noticed an unseen horror
 18959 | D:11     | Killed an unseen horror
 18960 | D:11     | Reached XP level 12. HP: 64/70 MP: 21/21
 19301 | Lair:1   | Entered Level 1 of the Lair of Beasts
 19552 | Lair:1   | Reached skill level 14 in Dodging
 19695 | Lair:1   | Noticed Fannar
 19696 | Lair:1   | Found a hazy altar of Hepliaklqana.
 19700 | Lair:1   | Killed Fannar
 20049 | Lair:1   | Noticed Joseph
 20078 | Lair:1   | Killed Joseph
 20181 | Lair:2   | Received a gift from Nemelex Xobeh
 20615 | Lair:2   | Reached **** piety under Nemelex Xobeh
 20971 | Lair:2   | Found a runed translucent door.
 20971 | Lair:2   | Noticed dtburroughs's ghost (journeyman MiBe)
 21064 | Lair:2   | Killed dtburroughs's ghost
 21525 | Lair:3   | Received a gift from Nemelex Xobeh
 22026 | Lair:3   | Found a dark tunnel.
 22036 | Volcano  | Entered a volcano
 22054 | Volcano  | Noticed an ogre mage
 22057 | Volcano  | Found a burning altar of Makhleb.
 22060 | Volcano  | Noticed a two-headed ogre
 22062 | Volcano  | Killed a two-headed ogre
 22063 | Volcano  | Noticed a two-headed ogre
 22064 | Volcano  | Noticed a two-headed ogre
 22101 | Volcano  | Killed a two-headed ogre
 22102 | Volcano  | Reached skill level 15 in Dodging
 22119 | Volcano  | Noticed a two-headed ogre
 22120 | Volcano  | Slain by a hell knight

Illustrated notes

Levels and vault maps discovered:
D:1:      dpeg_arrival_tiny_j, layout_loops_ring, minmay_box_of_dots
D:2:      layout_basic, chequers_ecumenical_altar_simple,
          uniq_crazy_yiuf_cottage
D:3:      layout_loops_corners, wad_floor_pattern_1
D:4:      layout_basic, uniq_ijyb, uniq_pikel, uniq_eustachio
D:5:      layout_layer_cave, uniq_blork_the_orc
D:6:      layout_loops_corners, uniq_grinder
D:7:      layout_layer_cave, temple_pool_b
D:8:      layout_rooms, enter_bailey_3, uniq_erica, uniq_prince_ribbit1
D:9:      layout_gridville, minitemple, serial_shops, shop, minmay_between,
          uniq_erolcha
D:10:     layout_roguey, lair_entry_dummy, elyvilon_altar_1
D:11:     layout_cave_pods, minmay_misc_feat_nine_boxes,
          minmay_fractal_squares_5, uniq_nergalle
Temple:   eino_narrow_crystal_temple
Lair:1:   layout_concentric_octagons, basic_altar,
          eino_small_chamber_without_monster, lemuel_fruit_fields,
          lemuel_fruit_tree, uniq_fannar, uniq_joseph
Lair:2:   layout_gridlike, ebering_ghost_inner_flame, lemuel_fruit_fields
Lair:3:   layout_gridlike, lightli_volcano_entry_magma_tube,
          lemuel_another_geyser, infiniplex_staircase_pool_2
Volcano:  kennysheep_volcano_temple

Skill      XL: |  1  2  3  4  5  6  7  8  9 10 11 12 |
---------------+-------------------------------------+-----
Stealth        | 6 7 8 9 10 11 12 13 | 13.8
Dodging        | 3 4 5 7 9 11 13 15 | 15.0
Short Blades   | 3 5 6 8 9 10 11 | 11.9
Fighting       | 2 3 4 5 7 8 |  8.9
Throwing       | 3 4 5 |  5.0
Evocations     | 4 6 |  6.2
Spellcasting   | 2 5 7 |  7.3
Hexes          | 2 3 |  3.0

Action                   |  1- 3 |  4- 6 |  7- 9 | 10-12 || total
-------------------------+-------+-------+-------+-------++-------
Melee: Dagger            |    62 |   201 |   733 |  1208 ||  2204
       Kick              |       |       |   129 |   390 ||   519
Throw: Dart              |    14 |    27 |    20 |   176 ||   237
       Throwing net      |       |       |       |     1 ||     1
 Cast: Tukima's Dance    |       |       |       |     2 ||     2
       Dazzling Flash    |       |       |       |     1 ||     1
Invok: Draw Destruction  |       |       |       |     2 ||     2
Evoke: Wand              |       |       |       |    28 ||    28
  Use: Scroll            |     2 |     9 |     2 |    18 ||    31
       Potion            |       |     1 |     5 |     8 ||    14
 Stab: Sleeping          |    10 |     6 |     8 |    24 ||    48
       Distracted        |       |       |     1 |     5 ||     6
       Paralysed         |       |       |       |     2 ||     2
       Held in net/web   |       |       |       |     1 ||     1
Armor: Robe              |     2 |    22 |    54 |    48 ||   126
       Skin              |       |       |    40 |       ||    40
Dodge: Dodged            |    38 |    90 |   281 |   827 ||  1236
